Description

An observation of The Great Train Robbery campaign mission completed by LilArrin, on Brutal difficulty with all achievements and bonus objectives

VOD

https://www.youtube.com/watch?v=4o1AYEjyXbc

Build Order

Get SALT Encoding   

  9  0:05  SCV  
  9  0:17  SCV  
  10  0:24  Factory Reactor  
  10  0:28  SCV  
  10  0:36  Action  Grab Bottom Diamondback
  11  0:43  SCV  
  15  0:49  Action  Grab Top Diamondback
  15  0:55  Engineering Bay  
  16  0:57  SCV  
  16  1:03  Action  Grab Middle Diamondback
  16  1:08  Action  Grab Lower Research
  21  1:14  SCV  
  21  1:15  Action  Grab Upper Research
  26  1:29  Action  Grab Top Left Diamondback
  30  1:35  Terran Infantry Weapons Level 1  
  30  1:37  Barracks  
  32  2:04  Barracks  
  32  2:10  Action  Assign 2 to Gas
  32  2:14  Action  First Train Approaching
  33  2:33  Marine x2  
  35  2:38  Supply Depot  
  35  2:56  Barracks  
  38  3:09  Medic  
  38  3:21  Tech Lab  
  41  3:43  Marine  
  41  3:48  Refinery  
  43  3:51  Medic  
  43  4:02  Action  First Train Destroyed
  43  4:05  Supply Depot  
  43  4:14  Barracks Reactor  
  43  4:21  Supply Depot x2  
  43  4:30  Terran Infantry Armor Level 1  
  46  4:38  Medic  
  46  4:45  Action  Second Train Approaching
  48  4:50  Medic  
  50  4:52  Marine x2  
  55  5:02  Action  Get Bottom Left Diamondback
  60  5:18  Action  Hire Warpigs
  60  5:26  Supply Depot  
  61  5:43  Marine  
  61  5:54  Marauder x2  
  61  5:59  Action  Grab Bottom Research
  63  6:03  Marine x2  
  63  6:07  Action  Second Train Destroyed
  63  6:12  Marine x2  
  64  6:13  Medic  
  71  6:20  Action  Dominion Attack Incoming
  73  6:40  Action  Dominion Attack Arrives
  75  6:55  Marine x2  
  75  6:57  Supply Depot  
  75  7:05  Supply Depot  
  75  7:13  Action  Third Train Arrival
  75  7:23  Action  Get Lower Right Diamondback
  80  7:30  Marine  
  80  7:36  Supply Depot  
  80  7:42  Command Center  
  84  8:01  Medic x2  
  84  8:10  Action  Third Train Destroyed
  86  8:20  Action  Dominion Bunkers Alert
  87  8:21  Marine x3  
  91  8:24  Medic x2  
  91  8:36  Action  First Bunker Destroyed
  91  8:53  Action  Second Bunker Destroyed
  91  9:03  Action  Third Bunker Destroyed
  94  9:11  Medic  
  93  9:12  Marine x4  
  93  9:15  Action  Overtake Expansion
  93  9:40  Action  Expansion Cleared
  95  9:43  Action  Fourth Train Arrival
  98  9:48  Medic x2  
  100  9:49  Marine x2  
  100  9:50  Action  Fourth Bunker Destroyed
  100  9:59  Medic x2  
  100  10:00  Marine x2  
  100  10:01  Action  Send Command Center to Expansion
  109  10:53  Action  Fourth Train Destroyed
  109  10:54  SCV x5  Build SCV's for Expansion
  115  11:16  Supply Depot x2  
  117  11:39  Action  Dominion Attack Incoming
  120  12:12  Action  Fifth Train Arrival
  124  12:45  Supply Depot  
  122  13:11  Action  Fifth Train Destroyed
  125  13:25  Supply Depot  
  129  13:42  Action  Marauders Arrival
  129  14:17  Action  First Marauders Destroyed
  127  14:40  Action  Second Marauders Destroyed
  127  14:43  Action  Sixth Train Arrival
  130  15:31  Action  Sixth Train Destroyed
  138  15:47  Supply Depot  
  148  16:29  Action  Dominion Attack Incoming
  156  16:59  Supply Depot x2  
  158  17:13  Action  Seventh Train Arrival
  154  17:49  Action  Seventh Train Destroyed
  173  19:43  Action  Eighth Train Arrival
  159  20:44  Action  Eighth Train Destroyed
Spawning Tool Build Advisor. Get it on Overwolf

Go to:

Details

  • Created by: Damodred
  • Published on: Dec 10, 2019
  • Modified on: Dec 10, 2019
  • Patch: 4.11.0
Show
View Real Time Build Order
Export as new Build Order

Comments (0)

There are no comments. Be the first!

Create an account to comment!